 Dungeon Crawl Stone Soup version 0.23-a0-338-g8ff0b24 (webtiles) character file.

119238 wazuzu the Brawler (level 16, 0/206 HPs)
             Began as an Ogre Transmuter on Oct 16, 2018.
             Was the Champion of Makhleb.
             Succumbed to a hornet's poison
             ... on level 2 of the Swamp on Oct 18, 2018.
             The game lasted 02:04:35 (37822 turns).

wazuzu the Brawler (Ogre Transmuter)               Turns: 37822, Time: 02:04:36

Health: 0/206      AC:  7    Str: 18    XL:     16   Next: 79%
Magic:  31/31      EV: 16    Int: 18    God:    Makhleb [******]
Gold:   632        SH:  0    Dex: 18    Spells: 23/37 levels left

rFire    x . .     SeeInvis +     - Unarmed
rCold    + + +     Gourm    .   (shield currently unavailable)
rNeg     + . .     Faith    .   (armour currently unavailable)
rPois    +         Spirit   .   (helmet currently unavailable)
rElec    .         Reflect  .   (cloak currently unavailable)
rCorr    .         Harm     .   (gloves unavailable)
MR       +....                  (boots unavailable)
Stlth    ++........             k - macabre finger necklace {rN+}
HPRegen  0.44/turn              B - +4 ring of intelligence
MPRegen  0.22/turn              E - ring of see invisible
                                e - +4 ring of dexterity

@: lethally poisoned (0 -> -1), ice-form, very slightly contaminated, slowed,
invisible, very slow
A: large, unfitting armour
a: End Transformation, Minor Destruction, Lesser Servant of Makhleb, Major
Destruction, Greater Servant of Makhleb, Renounce Religion


You were on level 2 of the Swamp.
You worshipped Makhleb.
Makhleb was exalted by your worship.
You were not hungry.
You were a creature of crystalline ice.
You visited 5 branches of the dungeon, and saw 26 of its levels.
You also visited: Labyrinth and Sewer.

You collected 2729 gold pieces.
You spent 2097 gold pieces at shops.

Inventory:

Hand Weapons
 M - the +2 great sword of Eternal Vigilance (melded) {venom, Fragile Str+4 Int+5}
   (You found it in a labyrinth)

   It poisons the flesh of those it strikes.
   It affects your strength (+4).
   It affects your intelligence (+5).
   It will be destroyed if unequipped.
Missiles
 a - 506 arrows
 c - 713 stones (quivered)
Armour
 D - the +0 cloak "Duofyt" (melded) {rF+ SInv}
   (You bought it in a shop on level 2 of the Orcish Mines)

   It protects you from fire.
   It lets you see invisible.
 F - a +1 robe of fire resistance (melded)
 H - a +2 hat of magic resistance (melded)
Magical Staves
 N - an uncursed staff of fire
Jewellery
 e - a +4 ring of dexterity (on amulet)
 k - the macabre finger necklace (around neck) {rN+}
   (You found it on level 11 of the Dungeon)

   [amulet of nothing]

   It protects you from negative energy.
 B - a +4 ring of intelligence (left front paw)
 C - an uncursed ring of protection from cold
 E - a ring of see invisible (right front paw)
Wands
 j - a wand of scattershot (1)
 o - a wand of disintegration (5)
 s - a wand of acid (21)
 x - a wand of flame (58)
 y - a wand of iceblast (31)
 J - a wand of random effects (23)
 K - a wand of paralysis (15)
Scrolls
 i - 3 scrolls of amnesia
 l - 6 scrolls of magic mapping
 m - 10 scrolls of teleportation
 q - 6 scrolls of fear
 u - 5 scrolls of remove curse
 v - 3 scrolls of enchant weapon
 z - a scroll of fog
 A - 2 scrolls of identify
 I - a scroll of brand weapon
 P - a scroll of holy word
 U - a scroll of summoning
 V - a scroll of enchant armour
Potions
 b - 5 potions of cancellation
 f - 11 potions of flight
 g - a potion of might
 h - 6 potions of curing
 n - a potion of lignification
 p - 4 potions of haste
 r - 2 potions of magic
 t - a potion of resistance
 w - 3 potions of brilliance
 G - a potion of invisibility
 S - a potion of ambrosia
Miscellaneous
 L - a fan of gales
Comestibles
 d - 49 rations
 O - 5 chunks of flesh


   Skills:
 + Level 14.2 Fighting
 - Level 8.2 Dodging
 - Level 16.0 Unarmed Combat
 * Level 11.4 Spellcasting
 - Level 4.0 Charms
 - Level 4.0 Necromancy
 - Level 4.0 Translocations
 + Level 9.1 Transmutations
 - Level 8.0 Ice Magic
 - Level 8.0 Invocations


You had 23 spell levels left.
You knew the following spells:

 Your Spells              Type           Power        Failure   Level  Hunger
a - Spider Form           Tmut/Pois      ####......   3%          3    None
b - Blink                 Tloc           N/A          1%          2    None
c - Ice Form              Ice/Tmut       #####...     1%          4    ##.....
r - Regeneration          Chrm/Necr      ###.......   4%          3    None
s - Sticks to Snakes      Tmut           #####...     1%          2    None

Your spell library contained the following spells:

 Spells                   Type           Power        Failure   Level  Hunger
 Animate Skeleton         Necr           N/A          1%          1    None
 Beastly Appendage        Tmut           #####.       1%          1    None
 Pain                     Necr           ###.         1%          1    None
 Teleport Other           Tloc           ###.....     4%          3    None
 Vampiric Draining        Necr           ###.......   4%          3    None
 Blade Hands              Tmut           #####.....   4%          5    ####...
 Magic Dart               Conj           ##..         7%          1    None
 Sting                    Conj/Pois      ##..         7%          1    None
 Call Imp                 Summ           ##......     11%         2    None
 Poisonous Vapours        Pois/Air       ##....       11%         2    None
 Searing Ray              Conj           ##....       11%         2    None
 Slow                     Hex            ##......     11%         2    None
 Animate Dead             Necr           N/A          13%         4    ##.....
 Conjure Flame            Conj/Fire      ##......     21%         3    None
 Dazzling Spray           Conj/Hex       ##....       21%         3    None
 Mephitic Cloud           Conj/Pois/Air  ##......     21%         3    None
 Force Lance              Conj/Tloc      ###.....     30%         4    ##.....
 Fulminant Prism          Conj/Hex       ##........   56%         4    ##.....
 Iskenderun's Mystic Bla  Conj           ##......     56%         4    ##.....
 Olgreb's Toxic Radiance  Pois           ##......     56%         4    ##.....
 Venom Bolt               Conj/Pois      ##........   88%         5    ####...
 Dispersal                Tloc           ###.......   90%         6    ######.
 Tornado                  Air            ##........   100%        9    #######


Dungeon Overview and Level Annotations

Branches:
Dungeon (15/15)            Temple (1/1) D:7            Lair (6/6) D:11
  Swamp (2/4) Lair:4       Spider (0/4) Lair:4        Slime (0/5) Lair:6
    Orc (2/2) D:9             Elf (0/3) Orc:2        Vaults (0/5) D:14
 Depths (0/5) D:15

Altars:
Ashenzari
Cheibriados
Dithmenos
Elyvilon
Fedhas
Gozag
Hepliaklqana
Kikubaaqudgha
Makhleb
Okawaru
Qazlal
Ru
Sif Muna
Trog
Vehumet
Beogh
Jiyva

Shops:
D:4 =[*(   D:5 (   Orc:2 ?[[*:

Annotations:
D:15 What tha fug ghost, Hese's ghost, adept DEFE


Innate Abilities, Weirdness & Mutations

You are too large for most types of armour.
((You have tough skin. (AC +1)))


Message History

The alligator closely misses you. The hornet closely misses you.
The spiny frog stings you.
* * * LOW HITPOINT WARNING * * *
You feel better. The hornet stings you.
* * * LOW HITPOINT WARNING * * *
You are poisoned.
The hornet stings you.
* * * LOW HITPOINT WARNING * * *
You feel yourself slow down. The alligator bites you!
* * * LOW HITPOINT WARNING * * *
The alligator closely misses you. The hornet stings you!
* * * LOW HITPOINT WARNING * * *
The alligator bites you!
* * * LOW HITPOINT WARNING * * *
The alligator closely misses you. The spiny frog stings you.
* * * LOW HITPOINT WARNING * * *
Okay, then.
Your surroundings suddenly seem different.
Floosh!
You die...

♣♣≈.≈.....≈.♣ ♣.♣≈≈≈
♣♣♣.≈.....≈≈≈≈♣♣♣≈≈≈≈.
♣♣♣..♣≈.≈.♣.≈..≈≈.♣≈.≈.≈
♣..≈≈≈≈≈≈.♣≈≈§§≈≈..≈♣.≈≈
≈.≈≈.≈≈≈≈.♣.§.≈§≈.≈≈≈...
≈≈≈≈.≈≈≈≈≈♣.≈§..≈..♣≈.≈≈
≈≈≈≈≈≈≈≈...≈♣♣.♣≈≈.♣≈...
≈≈≈..≈≈≈..♣§♣♣.≈≈≈§≈≈≈≈.
..♣♣.Y≈♣♣.X.....≈.....
♣♣..♣♣≈≈≈≈.≈.[.≈≈♣.
♣≈≈♣♣≈≈≈..♣.♣≈≈≈≈.
♣≈.♣♣♣.≈.≈.≈♣≈≈... ♣≈.♣
♣.♣≈≈.♣♣♣[†♣.
♣..♣♣♣≈.≈..♣♣.)<♣.
...♣♣.≈≈≈≈.♣♣..♣♣.
.≈.♣♣♣≈≈≈≈.♣♣..♣♣♣ .≈.♣
♣≈.≈≈≈♣≈≈≈♣ ♣


There were no monsters in sight!

Vanquished Creatures
  A tentacled monstrosity (Swamp:2)
  Donald (Orc:1)
  A frost giant (D:11)
  2 stone giants (Orc:1)
  Nessos (Lair:6)
  A minotaur (Lab)
  An ettin (D:11)
  2 rakshasas
  9 hydras
  A shambling mangrove (Swamp:2)
  A catoblepas (D:13)
  10 alligators
  5 two-headed ogres
  2 dancing weapons (D:14)
  A death knight (D:13)
  6 death yaks (Lair:6)
  4 orc high priests (Orc:2)
  2 tengu warriors
  13 slime creatures
  6 skeletal warriors (D:15)
  A swamp dragon (Swamp:2)
  3 unseen horrors
  A flayed ghost (D:15)
  A wizard (D:15)
  Pikel (D:8)
  A spriggan druid (Swamp:1)
  5 orc knights (Orc:2)
  A necromancer (D:15)
  2 deep elf magi (D:12)
  A golden dragon skeleton (D:15)
  3 orc sorcerers (Orc:2)
  2 manticores (D:12)
  2 oklob plants (Lair:2)
  A wolf spider (D:8)
  7 cyclopes
  2 centaur zombies
  2 ugly things
  22 elephants
  Psyche (D:8)
  3 black mambas
  12 spiny frogs
  9 komodo dragons
  An efreet (D:11)
  A yaktaur skeleton (D:15)
  2 queen bees
  3 meliai (D:15)
  5 trolls
  5 tyrant leeches
  5 polar bears (Lair:6)
  5 hornets
  8 bog bodies
  3 dream sheep (Lair:6)
  18 blink frogs
  A dream sheep (shapeshifter) (D:8)
  15 hippogriffs
  An ice dragon zombie (D:15)
  A centaur simulacrum (D:15)
  A meliai zombie (D:13)
  A fire dragon skeleton (D:15)
  Sigmund (D:3)
  16 spriggans
  2 wyverns
  3 redbacks (Lair:4)
  2 water elementals (D:11)
  2 wraiths
  55 yaks
  2 basilisks
  Eustachio (D:6)
  5 wargs
  10 vampire mosquitoes
  5 insubstantial wisps (Swamp:1)
  3 swamp worms (Swamp:1)
  A soldier ant (D:12)
  14 water moccasins
  4 porcupines
  2 slaves (D:8)
  26 orc warriors
  2 swamp drakes
  2 eyes of draining
  9 ice beasts
  3 sky beasts
  A meliai simulacrum (D:14)
  3 phantoms
  2 black bears (Lair:6)
  5 boggarts (Lair:6)
  10 ogres
  16 wolves (Lair:6)
  13 centaurs
  9 crocodiles
  2 big kobolds
  11 bullfrogs
  4 scorpions
  A wyvern skeleton (D:10)
  43 killer bees
  9 wights
  4 howler monkeys
  13 electric eels
  5 crimson imps
  5 jellies
  2 bullfrog zombies
  6 hounds
  21 orc priests
  4 bullfrog skeletons
  4 centaur skeletons
  An iguana (D:7)
  25 orc wizards
  11 worker ants
  A killer bee zombie (D:5)
  A hound zombie (D:8)
  Robin (D:3)
  A worker ant zombie (D:10)
  A river rat (Sewer)
  14 adders
  2 howler monkey skeletons
  2 shadow imps
  3 oozes (Lair:6)
  3 adder skeletons
  3 worms
  3 dart slugs
  2 leopard geckos
  81 orcs
  2 giant cockroaches
  8 hobgoblins
  11 jackals
  A quokka (D:8)
  4 bats
  7 frilled lizards
  21 goblins
  18 kobolds
  A leopard gecko zombie (D:5)
  A quokka skeleton (D:5)
  6 rats
  3 fungi (Lair:6)
  4 plants
834 creatures vanquished.

Vanquished Creatures (others)
  A water elemental (D:11)
  2 slaves (D:8)
  An orc wizard (D:10)
  An adder (D:8)
  A jackal (D:11)
  3 fungi
  12 plants
21 creatures vanquished.

Grand Total: 855 creatures vanquished

Notes
Turn   | Place    | Note
-------+----------+-------------------------------------------
     0 | D:1      | wazuzu the Ogre Transmuter began the quest for the Orb.
     0 | D:1      | Reached XP level 1. HP: 19/19 MP: 3/3
   277 | D:1      | Reached XP level 2. HP: 28/28 MP: 5/5
   321 | D:1      | Reached skill level 3 in Unarmed Combat
   718 | D:2      | Reached XP level 3. HP: 24/37 MP: 4/6
   920 | D:2      | Learned a level 3 spell: Spider Form
   923 | D:2      | Learned a level 2 spell: Sticks to Snakes
  1441 | D:2      | Reached XP level 4. HP: 41/45 MP: 8/8
  2673 | D:3      | Reached XP level 5. HP: 36/53 MP: 7/11
  2761 | D:3      | Found a glowing drain.
  2766 | Sewer    | Entered a sewer
  2823 | Sewer    | Noticed a big kobold
  2835 | Sewer    | Killed a big kobold
  2841 | Sewer    | Reached XP level 6. HP: 51/61 MP: 9/12
  2862 | Sewer    | Found a glowing silver altar of Zin.
  3017 | D:3      | Learned a level 4 spell: Ice Form
  3023 | D:3      | Identified the +2 helmet of Inquiry {rElec Int+6}
  3023 | D:3      | Noticed Robin
  3039 | D:3      | Killed Robin
  3508 | D:3      | Noticed Sigmund
  3516 | D:3      | Killed Sigmund
  3516 | D:3      | Reached skill level 5 in Spellcasting
  3516 | D:3      | Reached skill level 1 in Ice Magic
  3516 | D:3      | Reached XP level 7. HP: 48/67 MP: 10/14
  4134 | D:4      | Found Gujaik's Assorted Antiques.
  4144 | D:4      | Bought a ruby potion for 27 gold pieces
  4144 | D:4      | Bought a bubbling purple potion for 27 gold pieces
  4162 | D:4      | Found Mymaqeho's Jewellery Shoppe.
  4277 | D:4      | Found a shadowy altar of Dithmenos.
  4351 | D:4      | Found Posei's Armour Shop.
  4681 | D:4      | Found Cuiciec's Weapon Shoppe.
  4757 | D:5      | Entered Level 5 of the Dungeon
  5674 | D:5      | Reached skill level 5 in Transmutations
  5830 | D:5      | Reached XP level 8. HP: 45/75 MP: 14/17
  6430 | D:5      | Found Ocvuipruga's Weapon Shoppe.
  7920 | D:5      | Reached skill level 5 in Ice Magic
  8380 | D:6      | Reached XP level 9. HP: 53/83 MP: 15/18
  8731 | D:6      | Noticed Eustachio
  8752 | D:6      | Killed Eustachio
  9259 | D:7      | Found a white marble altar of Elyvilon.
  9289 | D:7      | Reached skill level 4 in Unarmed Combat
  9441 | D:7      | Reached skill level 5 in Fighting
  9986 | D:7      | Found a staircase to the Ecumenical Temple.
  9992 | Temple   | Entered the Ecumenical Temple
 10020 | Temple   | Became a worshipper of Makhleb the Destroyer
 10566 | D:8      | Noticed Pikel
 10603 | D:8      | Killed Pikel
 10870 | D:8      | Noticed a rakshasa
 10875 | D:8      | Noticed a cyclops
 11234 | D:8      | Got a dazzling rapier
 11257 | D:8      | Reached skill level 5 in Unarmed Combat
 11499 | D:8      | Identified the +4 rapier "ETAOIN SHRDLU" {freeze, +Blink
                  | rN+ Str-5} (You found it on level 8 of the Dungeon)
 11514 | D:8      | Reached skill level 5 in Dodging
 11514 | D:8      | Reached XP level 10. HP: 83/100 MP: 13/19
 11839 | D:8      | Killed a rakshasa
 12133 | D:8      | Killed a cyclops
 12133 | D:8      | Reached skill level 6 in Unarmed Combat
 12142 | D:8      | Reached * piety under Makhleb
 12383 | D:8      | Noticed an unseen horror
 12394 | D:8      | Killed an unseen horror
 12418 | D:8      | Noticed Psyche
 12433 | D:8      | Killed Psyche
 12439 | D:8      | Found a large runed door.
 12439 | D:8      | Found a large runed door.
 12912 | D:8      | Noticed a wolf spider
 12923 | D:8      | Killed a wolf spider
 13161 | D:8      | Found a blossoming altar of Fedhas.
 13166 | D:8      | Found a hazy altar of Hepliaklqana.
 13389 | D:9      | Reached XP level 11. HP: 36/113 MP: 20/23
 13398 | D:9      | Reached skill level 7 in Unarmed Combat
 13845 | D:9      | Reached ** piety under Makhleb
 14136 | D:9      | Found a staircase to the Orcish Mines.
 14190 | D:9      | Found an iron altar of Okawaru.
 14197 | D:9      | Identified the cursed +0 glaive "Riceyz Xise" {chop, rC+
                  | Str+3}
 14208 | D:9      | Found an opulent altar of Gozag.
 14811 | D:10     | Entered Level 10 of the Dungeon
 14825 | D:10     | Noticed a two-headed ogre
 14846 | D:10     | Killed a two-headed ogre
 15272 | D:10     | Reached skill level 10 in Spellcasting
 15800 | D:11     | Reached skill level 8 in Unarmed Combat
 16095 | D:11     | Noticed a brown ugly thing
 16107 | D:11     | Killed a brown ugly thing
 16706 | D:11     | Reached *** piety under Makhleb
 16750 | D:11     | Reached skill level 9 in Unarmed Combat
 17419 | D:11     | Noticed a tengu warrior
 17419 | D:11     | Noticed a two-headed ogre
 17435 | D:11     | Killed a tengu warrior
 17435 | D:11     | Reached skill level 10 in Unarmed Combat
 17437 | D:11     | Killed a two-headed ogre
 17437 | D:11     | Reached XP level 12. HP: 122/122 MP: 22/26
 17461 | D:11     | Noticed an ettin
 17461 | D:11     | Noticed a frost giant
 17462 | D:11     | Found the macabre finger necklace {rN+}
 17462 | D:11     | Found the +6 lightning scales {run, rElec}
 17484 | D:11     | Killed a frost giant
 17487 | D:11     | Killed an ettin
 17487 | D:11     | Reached skill level 11 in Unarmed Combat
 18015 | D:11     | Found a staircase to the Lair.
 18792 | D:11     | Upgraded the game from 0.23-a0-329-g6f3f904 to
                  | 0.23-a0-333-g006994f
 18803 | Lair:1   | Entered Level 1 of the Lair of Beasts
 19540 | Lair:1   | Reached **** piety under Makhleb
 19854 | Lair:1   | Reached skill level 12 in Unarmed Combat
 20805 | Lair:2   | Noticed a six-headed hydra
 20814 | Lair:2   | Killed a six-headed hydra
 20814 | Lair:2   | Reached XP level 13. HP: 74/128 MP: 23/27
 21685 | Lair:3   | Reached skill level 13 in Unarmed Combat
 22040 | Lair:3   | Identified the Collected Works on Lightness and Dislocation
 22426 | Lair:4   | Reached ***** piety under Makhleb
 22458 | Lair:4   | Found a labyrinth entrance.
 22462 | Lab      | Entered a labyrinth
 22831 | Lab      | Noticed a minotaur
 22843 | Lab      | Killed a minotaur
 22852 | Lab      | Got a pitted great sword
 22913 | Lab      | Identified the cursed +2 great sword of Eternal Vigilance
                  | {venom, Fragile Str+4 Int+5} (You found it in a labyrinth)
 22957 | Lair:4   | Found a staircase to the Swamp.
 22984 | Lair:4   | Reached skill level 1 in Invocations
 23257 | Lair:4   | Found a hole to the Spider Nest.
 24167 | Lair:4   | Learned a level 2 spell: Blink
 24346 | Lair:5   | Reached skill level 1 in Translocations
 24367 | Lair:5   | Reached skill level 14 in Unarmed Combat
 24367 | Lair:5   | Reached XP level 14. HP: 140/140 MP: 28/28
 25368 | Lair:6   | Entered Level 6 of the Lair of Beasts
 25495 | Lair:6   | Noticed Nessos
 25500 | Lair:6   | Killed Nessos
 25500 | Lair:6   | Reached skill level 10 in Fighting
 25928 | Lair:6   | Reached skill level 5 in Invocations
 25943 | Lair:6   | Reached ****** piety under Makhleb
 26327 | Lair:6   | Reached skill level 15 in Unarmed Combat
 26474 | Lair:6   | Got a transparent tin amulet
 26486 | Lair:6   | Identified the amulet "Efrorocy" {Harm *Drain Int+3} (You
                  | found it on level 6 of the Lair of Beasts)
 26934 | Lair:6   | Found a runed door.
 26934 | Lair:6   | Found a viscous altar of Jiyva.
 26934 | Lair:6   | Found a staircase to the Slime Pits.
 27449 | Orc:1    | Entered Level 1 of the Orcish Mines
 27477 | Orc:1    | Noticed a stone giant
 27492 | Orc:1    | Killed a stone giant
 27788 | Orc:1    | Noticed a stone giant
 27799 | Orc:1    | Killed a stone giant
 27799 | Orc:1    | Reached XP level 15. HP: 90/152 MP: 25/29
 28125 | Orc:1    | Found a bloodstained altar of Trog.
 28327 | Orc:2    | Entered Level 2 of the Orcish Mines
 28327 | Orc:2    | Noticed Donald
 28338 | Orc:1    | Killed Donald
 28394 | Orc:2    | Found a roughly hewn altar of Beogh.
 28889 | Orc:2    | Found Dolixoz's Magic Scroll Boutique.
 29083 | Orc:2    | Found a roughly hewn altar of Beogh.
 29419 | Orc:2    | Found a staircase to the Elven Halls.
 30283 | Orc:2    | Found Akhlem's Book Shop.
 30283 | Orc:2    | Found Entitauv's Antique Armour Emporium.
 30285 | Orc:2    | Found Affisuf's General Store.
 30285 | Orc:2    | Found Ynin's Antique Armour Emporium.
 30304 | Orc:2    | Bought 2 potions of haste for 300 gold pieces
 30307 | Orc:2    | Bought an embroidered hat for 245 gold pieces
 30337 | Orc:2    | Bought a runed hat for 182 gold pieces
 30352 | Orc:2    | Bought a book of Necromancy for 390 gold pieces
 30356 | Orc:2    | Learned a level 3 spell: Regeneration
 30410 | Orc:2    | Bought a scroll of magic mapping for 49 gold pieces
 30410 | Orc:2    | Bought a scroll of teleportation for 42 gold pieces
 30410 | Orc:2    | Bought a scroll of teleportation for 42 gold pieces
 30410 | Orc:2    | Bought a scroll of teleportation for 42 gold pieces
 30410 | Orc:2    | Bought a scroll of fear for 49 gold pieces
 30410 | Orc:2    | Bought a scroll of teleportation for 42 gold pieces
 30410 | Orc:2    | Bought a scroll of fear for 49 gold pieces
 30464 | Orc:2    | Bought a smoking cloak for 332 gold pieces
 30469 | Orc:2    | Identified the cursed +0 cloak "Duofyt" {rF+ SInv} (You
                  | bought it in a shop on level 2 of the Orcish Mines)
 30700 | D:4      | Bought a runed jade ring for 155 gold pieces
 30700 | D:4      | Bought a fluorescent wand for 124 gold pieces
 31711 | D:12     | Reached skill level 16 in Unarmed Combat
 31984 | D:12     | Reached skill level 1 in Charms
 31984 | D:12     | Reached skill level 1 in Necromancy
 33074 | D:13     | Found a snail-covered altar of Cheibriados.
 33684 | D:14     | Found a gate to the Vaults.
 34294 | D:14     | Reached XP level 16. HP: 169/169 MP: 27/30
 34661 | D:15     | Entered Level 15 of the Dungeon
 34689 | D:15     | Found a staircase to the Depths.
 34862 | D:15     | Found a large runed door.
 34862 | D:15     | Found a large runed door.
 34867 | D:15     | Noticed Hese's ghost (adept DEFE)
 35621 | Swamp:1  | Entered Level 1 of the Swamp
 35674 | Lair:4   | HP: 2/204 [alligator[an alligator] (12)]
 37156 | Swamp:1  | Upgraded the game from 0.23-a0-333-g006994f to
                  | 0.23-a0-338-g8ff0b24
 37568 | Swamp:2  | Noticed a tentacled monstrosity
 37602 | Swamp:2  | Killed a tentacled monstrosity
 37821 | Swamp:2  | HP: 10/206 [hornet[a shambling mangrove] (10)]
 37821 | Swamp:2  | HP: 3/206 [alligator (7)]
 37821 | Swamp:2  | HP: 1/206 [spiny frog (2)]
 37822 | Swamp:2  | Succumbed to a hornet's poison

Vault maps used:
D:1:      dpeg_arrival_prison
D:2:      first_ration, minmay_small_reverse_x
D:3:      portal_sewer_entry_e, uniq_sigmund, uniq_robin
D:4:      serial_shops, shop, nicolae_shop_waterfront, shop, shop,
          grunt_dithmenos_smoke
D:5:      serial_shops, shop
D:6:      st_stairs_3, uniq_eustachio
D:7:      kennysheep_mini, minmay_temple_entry_fiery, grunt_decor_one_mirror
D:8:      jmf_multi_god_temple2, uniq_pikel, uniq_psyche
D:9:      david_orc_3, basic_altar, okawaru_gym_becter
D:10:     nrook_loot_triangle
D:11:     minmay_shrinking_squares, erik_lair_orcish_takeover, david_nohive_1,
          serial_bayou_lagoon_a
D:13:     cheibriados_altar_1
D:14:     erik_vaults_1, chequers_serial_rivers_large_b
D:15:     gammafunk_depths_entry_grave, ebering_ghost_disaster_area,
          serial_bayou_pond_d, serial_park_tiny_pond
Temple:   compressed_dpeg_triangle_lava_temple
Lair:1:   special_room, serial_bayou_shore_b
Lair:2:   minmay_lair_oklob_chamber
Lair:4:   swamp_mist, spider_nest_entry_webs, lab_entry_generic, serial_rivers,
          chequers_serial_rivers_marsh, chequers_serial_rivers_marsh,
          chequers_serial_rivers_small_b, chequers_serial_rivers_small_3,
          disabler_island
Lair:5:   beast_lair_carwin_10
Lair:6:   minmay_lair_end_enchanted_forest, slime_altar_2, lemuel_fruit_tree,
          uniq_nessos
Swamp:1:  evilmike_swamp_ruin_rubble_1, swamp_pool3,
          nicolae_swamp_rocky_clearing
Swamp:2:  evilmike_swamp_ruin_house_2
Orc:1:    trog_hazing_becter
Orc:2:    grunt_orc_tribal_feast, serial_shops, shop, basic_altar,
          kennysheep_orc_chapel, uniq_donald
Lab:      labyrinth_mini_lab, nicolae_lab_blocks, labyrinth_glass_1, lab_statue,
          nicolae_lab_big_swirl
Sewer:    sewer_kobolds

Skill      XL: |  1  2  3  4  5  6  7  8  9 10 11 12 13 14 15 16 |
---------------+-------------------------------------------------+-----
Fighting       | 2 3 6 8 9 10 13 14 | 14.2
Unarmed Combat | 3 5 6 10 12 14 15 16 | 16.0
Transmutations | 2 3 4 5 6 7 8 9 |  9.1
Spellcasting   | 3 4 5 6 8 10 11 | 11.4
Ice Magic      | 1 3 6 8 |  8.0
Dodging        | 5 6 7 8 |  8.2
Invocations    | 3 7 8 |  8.0
Translocations | 1 4 |  4.0
Charms         | 4 |  4.0
Necromancy     | 4 |  4.0

Action                   |  1- 3 |  4- 6 |  7- 9 | 10-12 | 13-15 | 16-18 || total
-------------------------+-------+-------+-------+-------+-------+-------++-------
Melee: Unarmed           |    47 |    80 |   241 |   547 |  1108 |   329 ||  2352
       Dagger            |    49 |    84 |   120 |       |       |       ||   253
       Kick              |     5 |       |       |       |       |       ||     5
       Headbutt          |     1 |       |       |       |       |       ||     1
       Punch             |       |     1 |     2 |     2 |       |       ||     5
       Short sword       |       |       |    39 |    69 |       |       ||   108
       Great sword       |       |       |       |       |    29 |    18 ||    47
Throw: Stone             |     6 |       |       |       |       |       ||     6
 Cast: Beastly Appendage |     3 |       |       |       |       |       ||     3
       Spider Form       |     2 |     9 |    22 |    24 |     4 |       ||    61
       Ice Form          |       |       |     5 |    32 |    87 |    21 ||   145
       Regeneration      |       |       |       |       |    18 |    35 ||    53
Invok: Lesser Servant of |       |       |       |       |     2 |       ||     2
Evoke: Wand              |       |       |       |     2 |    27 |    12 ||    41
  Use: Scroll            |       |    10 |     9 |     5 |    19 |     6 ||    49
       Potion            |       |     1 |     4 |    11 |     6 |     5 ||    27
 Stab: Sleeping          |       |     5 |     6 |     6 |     4 |       ||    21
       Distracted        |       |       |     1 |       |       |       ||     1
       Invisible         |       |       |       |       |       |     1 ||     1
  Eat: Chunk             |     2 |     8 |    13 |    22 |    31 |     8 ||    84
       Ration            |       |       |     5 |     3 |     6 |     2 ||    16
Armor: Robe              |    18 |    18 |    33 |     9 |    12 |     1 ||    91
       Skin              |       |     3 |    34 |    62 |   168 |   100 ||   367
Dodge: Dodged            |    39 |    78 |   296 |   459 |   662 |   263 ||  1797
       Rpst.: Great sword |       |       |       |       |     5 |     1 ||     6

Table legend:
 A = Non-vault XP
 B = Vault XP
 C = Vault XP percentage of total XP
 D = Non-vault monster count
 E = Vault monster count
 F = Vault count percentage of total count
                 A         B        C        D         E       F
            +---------+---------+-------+---------+---------+-------
      Total |  122698 |   47642 |  28.0 |     607 |     219 |  26.5
            +---------+---------+-------+---------+---------+-------
        D:1 |      29 |       1 |   3.3 |      15 |       1 |   6.2
        D:2 |     110 |       7 |   6.0 |      22 |       4 |  15.4
        D:3 |     122 |     256 |  67.7 |      15 |      13 |  46.4
        D:4 |     276 |       0 |   0.0 |      14 |       0 |   0.0
        D:5 |     968 |       0 |   0.0 |      22 |       0 |   0.0
        D:6 |     556 |     205 |  26.9 |      16 |       2 |  11.1
        D:7 |     602 |       0 |   0.0 |      13 |       0 |   0.0
        D:8 |    1372 |    4182 |  75.3 |      28 |       8 |  22.2
        D:9 |    1581 |     424 |  21.1 |      32 |       6 |  15.8
       D:10 |    1989 |       0 |   0.0 |      29 |       0 |   0.0
       D:11 |    3481 |    6757 |  66.0 |      33 |      29 |  46.8
       D:12 |   11457 |       0 |   0.0 |      51 |       0 |   0.0
       D:13 |    7841 |      40 |   0.5 |      25 |       1 |   3.8
       D:14 |    8770 |    1808 |  17.1 |      39 |       2 |   4.9
       D:15 |    7088 |    4266 |  37.6 |      12 |       8 |  40.0
     Lair:1 |    4597 |    1819 |  28.4 |      19 |      25 |  56.8
     Lair:2 |    2737 |    1077 |  28.2 |      10 |       2 |  16.7
     Lair:3 |    6381 |       0 |   0.0 |      22 |       0 |   0.0
     Lair:4 |   10325 |     813 |   7.3 |      40 |       6 |  13.0
     Lair:5 |    4986 |    4024 |  44.7 |      18 |       9 |  33.3
     Lair:6 |   14937 |    9712 |  39.4 |      32 |      51 |  61.4
    Swamp:1 |   13240 |       0 |   0.0 |      35 |       0 |   0.0
    Swamp:2 |   12769 |       0 |   0.0 |      22 |       0 |   0.0
      Orc:1 |    3910 |    2059 |  34.5 |      21 |       6 |  22.2
      Orc:2 |    2574 |    8837 |  77.4 |      22 |      37 |  62.7
        Lab |       0 |    1231 | 100.0 |       0 |       1 | 100.0
      Sewer |       0 |     124 | 100.0 |       0 |       8 | 100.0
            +---------+---------+-------+---------+---------+-------
